Map: Galactic Process LE

Players

MCanning - Winner!

  • Race: Protoss Protoss
  • League: Grandmaster

KeeN

  • Race: Terran Terran
  • League: Grandmaster

VOD

Have the link to the VOD?

Description

Time

  • Played on: Nov. 7, 2016, 2:24 a.m.
  • Length: 22:32
Show
View Real Time Build Order
Export as new Build Order

MCanning Protoss - Winner!

Build Orders: 1 Gate Expand, Blink Stalkers 

Get SALT Encoding   

  12  0:01  Probe (Chrono Boost)  
  13  0:11  Probe (Chrono Boost)  
  14  0:18  Pylon  
  14  0:22  Probe (Chrono Boost)  
  15  0:37  Gateway, Probe (Chrono Boost)  
  16  0:47  Probe (Chrono Boost)  
  16  0:48  Assimilator  
  17  0:58  Probe (Chrono Boost)  
  18  1:08  Probe (Chrono Boost)  
  19  1:20  Nexus  
  19  1:30  Cybernetics Core  
  20  1:32  Probe (Chrono Boost)  
  20  1:39  Assimilator  
  20  1:43  Probe (Chrono Boost)  
  21  1:49  Pylon  
  21  1:53  Probe (Chrono Boost)  
  22  2:08  Mothership Core (Chrono Boost)  
  24  2:10  Adept  
  26  2:18  Warp Gate  
  26  2:26  Probe (Chrono Boost)  
  27  2:32  Probe (Chrono Boost)  
  27  2:37  Probe (Chrono Boost)  
  29  2:42  Probe (Chrono Boost)  
  30  2:46  Twilight Council  
  30  2:47  Probe (Chrono Boost)  
  31  2:53  Probe (Chrono Boost)  
  31  2:58  Probe (Chrono Boost)  
  33  3:03  Gateway, Probe (Chrono Boost)  
  33  3:05  Gateway  
  34  3:08  Probe (Chrono Boost)  
  35  3:14  Probe (Chrono Boost)  
  35  3:19  Probe (Chrono Boost), Blink  
  37  3:21  Robotics Facility  
  37  3:25  Probe (Chrono Boost)  
  38  3:32  Probe (Chrono Boost)  
  39  3:35  Probe (Chrono Boost)  
  39  3:39  Pylon  
  40  3:44  Probe (Chrono Boost)  
  40  3:45  Pylon  
  40  3:46  Probe (Chrono Boost)  
  43  3:56  Probe x2 (Chrono Boost)  
  43  4:01  Pylon  
  43  4:02  Pylon  
  44  4:08  Probe (Chrono Boost)  
  44  4:09  Probe (Chrono Boost)  
  46  4:13  Immortal  
  46  4:20  Probe (Chrono Boost)  
  46  4:23  Stalker  
  46  4:24  Stalker x2  
  54  4:41  Probe (Chrono Boost)  
  54  4:44  Assimilator  
  51  4:46  Assimilator  
  51  4:47  Probe (Chrono Boost)  
  51  4:50  Observer  
  51  4:52  Probe (Chrono Boost)  
  54  4:56  Sentry  
  54  4:59  Probe (Chrono Boost)  
  57  5:00  Nexus  
  57  5:02  Pylon, Probe (Chrono Boost)  
  58  5:08  Observer  
  58  5:10  Stalker  
  58  5:11  Probe (Chrono Boost)  
  58  5:13  Probe (Chrono Boost)  
  63  5:18  Gateway  
  63  5:19  Gateway  
  63  5:23  Probe x2 (Chrono Boost)  
  63  5:27  Forge  
  65  5:32  Stalker  
  65  5:33  Stalker  
  65  5:34  Probe (Chrono Boost)  
  71  5:36  Probe (Chrono Boost)  
  71  5:37  Stalker  
  73  5:55  Robotics Bay, Probe (Chrono Boost)  
  73  5:58  Protoss Ground Weapons Level 1, Stalker x2, Probe (Chrono Boost), Resonating Glaives  
  73  5:59  Pylon  
  73  6:02  Pylon  
  77  6:06  Probe (Chrono Boost)  
  77  6:10  Probe (Chrono Boost)  
  78  6:15  Zealot  
  78  6:18  Probe x2 (Chrono Boost)  
  82  6:23  Probe (Chrono Boost)  
  83  6:29  Sentry  
  83  6:30  Probe (Chrono Boost)  
  83  6:31  Probe (Chrono Boost)  
  87  6:36  Gateway  
  87  6:38  Pylon  
  87  6:39  Probe (Chrono Boost)  
  92  6:41  Disruptor  
  92  6:42  Probe x2 (Chrono Boost)  
  92  6:44  Pylon  
  93  6:49  Zealot  
  93  6:52  Stalker x3  
  101  6:58  Assimilator  
  101  7:01  Pylon  
  101  7:02  Photon Cannon  
  101  7:12  Disruptor  
  101  7:13  Pylon, Adept x2  
  101  7:14  Probe (Chrono Boost)  
  106  7:16  Photon Cannon  
  109  7:24  Stalker x2, Photon Cannon  
  109  7:26  Stalker  
  115  7:37  Pylon  
  115  7:42  Stalker x3  
  115  7:43  Disruptor  
  121  7:46  Assimilator  
  121  7:47  Probe (Chrono Boost)  
  121  7:48  Photon Cannon  
  123  8:05  Stalker x5  
  123  8:12  Pylon  
  125  8:14  Disruptor, Pylon  
  125  8:16  Pylon  
  118  8:28  Adept x3  
  118  8:29  Adept  
  125  8:35  Probe (Chrono Boost)  
  125  8:39  Dark Shrine  
  124  8:48  Observer  
  114  8:59  Protoss Ground Armor Level 1  
  105  9:03  Probe (Chrono Boost)  
  105  9:04  Disruptor, Probe (Chrono Boost)  
  109  9:13  Probe (Chrono Boost)  
  110  9:18  Gateway  
  110  9:19  Zealot x2  
  110  9:22  Pylon  
  114  9:29  Probe (Chrono Boost)  
  114  9:30  Probe (Chrono Boost)  
  116  9:34  Photon Cannon  
  116  9:36  Disruptor  
  116  9:38  Stalker x3  
  116  9:39  Stalker  
  116  9:40  Adept x2  
  116  9:44  Gateway  
  131  9:45  Pylon  
  131  9:50  Probe (Chrono Boost)  
  131  9:51  Pylon  
  132  9:54  Pylon  
  130  10:06  Stalker x5  
  133  10:11  Disruptor  
  127  10:15  Stalker  
  127  10:20  Probe (Chrono Boost)  
  133  10:30  Nexus  
  133  10:32  Pylon  
  133  10:33  Pylon  
  133  10:34  Mothership Core (Chrono Boost), Pylon  
  117  10:49  Stalker x2  
  121  10:50  Stalker x5  
  121  10:55  Probe (Chrono Boost)  
  121  11:08  Probe (Chrono Boost)  
  120  11:13  Disruptor  
  111  11:19  Protoss Ground Armor Level 2  
  111  11:20  Stalker x2  
  111  11:21  Stalker x2  
  115  11:27  Probe (Chrono Boost)  
  113  11:36  Pylon  
  113  11:38  Pylon  
  113  11:45  Pylon  
  113  11:48  Dark Templar x2  
  113  11:49  Dark Templar  
  113  11:53  Disruptor  
  113  11:59  Adept x3  
  114  12:12  Probe (Chrono Boost)  
  114  12:13  Zealot  
  114  12:15  Adept  
  112  12:23  Adept x2  
  112  12:24  Disruptor, Adept x3  
  108  12:42  Probe (Chrono Boost)  
  109  12:44  Robotics Facility  
  109  12:50  Probe (Chrono Boost)  
  108  12:55  Disruptor  
  108  12:57  Stalker x7  
  119  13:11  Assimilator, Dark Templar  
  121  13:13  Assimilator  
  121  13:22  Stalker x2, Adept x2  
  121  13:26  Disruptor  
  126  13:40  Adept x3  
  126  13:49  Stalker x5  
  135  14:00  Stargate  
  128  14:13  Stalker x4  
  128  14:14  Stalker  
  134  14:17  Probe (Chrono Boost)  
  134  14:20  Dark Templar  
  124  14:45  Phoenix  
  114  15:06  Stalker x4  
  114  15:07  Stalker x3  
  121  15:15  Dark Templar  
  121  15:20  Protoss Ground Armor Level 3  
  123  15:22  Nexus  
  123  15:23  Disruptor  
  123  15:25  Disruptor  
  129  15:42  Stalker  
  129  15:43  Stalker  
  129  15:46  Stalker  
  135  15:52  Zealot  
  137  16:03  Disruptor  
  137  16:08  Probe (Chrono Boost)  
  138  16:13  Disruptor, Stalker x5  
  147  16:21  Probe (Chrono Boost)  
  146  16:32  Dark Templar  
  148  16:37  Disruptor  
  146  16:41  Pylon  
  146  16:44  Assimilator  
  145  16:55  Stalker x2  
  145  16:56  Disruptor, Stalker x3  
  153  17:05  Dark Templar  
  158  17:15  Stargate  
  158  17:18  Fleet Beacon  
  158  17:20  Disruptor  
  146  17:40  Stalker x2  
  146  17:41  Stalker x5  
  150  17:47  Assimilator  
  148  17:53  Probe (Chrono Boost)  
  148  18:03  Pylon, Adept  
  150  18:07  Stalker x2  
  150  18:08  Stalker x3  
  150  18:09  Stalker x2  
  150  18:11  Disruptor  
  155  18:15  Disruptor  
  148  18:27  Adept  
  143  18:33  Assimilator, Zealot  
  129  18:42  Disruptor  
  128  18:51  Stalker x4  
  128  18:52  Stalker x2  
  140  19:00  Disruptor  
  143  19:12  Nexus  
  143  19:15  Tempest  
  141  19:23  Pylon  
  145  19:28  Tempest  
  145  19:36  Stalker x3  
  153  19:52  Disruptor  
  147  19:58  Zealot  
  152  20:01  Adept x5  
  162  20:13  Zealot  
  164  20:14  Assimilator  
  164  20:18  Assimilator  
  164  20:19  Tempest  
  168  20:33  Stalker x4  
  177  20:37  Probe (Chrono Boost)  
  177  20:38  Probe (Chrono Boost)  
  170  20:46  Dark Templar x2  
  169  20:53  Dark Templar  
  168  21:06  Dark Templar x2  
  172  21:12  Nexus  
  172  21:17  Pylon  
  172  21:32  Probe (Chrono Boost)  
  172  21:37  Stalker x4  
  172  21:38  Stalker x2  
  184  21:42  Pylon  
  184  21:43  Oracle  
  184  21:46  Stalker x2  
  185  22:00  Probe (Chrono Boost)  
  182  22:02  Dark Templar  
  179  22:17  Zealot x4  
  179  22:22  Assimilator  
Show
View Real Time Build Order
Export as new Build Order

KeeN Terran 

Build Orders: Reaper Expand, MMM Bio 

Get SALT Encoding   

  12  0:01  SCV  
  13  0:13  SCV  
  14  0:17  Supply Depot  
  14  0:25  SCV  
  15  0:39  SCV  
  15  0:40  Barracks  
  16  0:44  Refinery  
  16  0:51  SCV  
  17  1:03  SCV  
  18  1:15  SCV  
  19  1:28  Reaper, Orbital Command  
  20  1:40  Command Center  
  20  1:51  Barracks  
  20  1:54  SCV  
  20  2:00  Barracks Reactor  
  21  2:03  Supply Depot  
  21  2:06  SCV  
  22  2:15  Barracks  
  22  2:19  SCV  
  23  2:31  SCV  
  23  2:36  Marine  
  25  2:37  Marine  
  25  2:39  Barracks Tech Lab  
  25  2:43  SCV  
  27  2:52  Orbital Command  
  27  2:54  Marine  
  27  2:55  SCV, Marine  
  27  2:57  Concussive Shells  
  27  2:58  Marauder  
  32  3:02  Marine  
  33  3:06  Supply Depot  
  33  3:09  SCV  
  33  3:11  Marine  
  35  3:12  Marine  
  35  3:18  SCV  
  35  3:19  Marine  
  37  3:20  Marine  
  37  3:21  SCV  
  40  3:29  Marine  
  40  3:30  Marine  
  40  3:33  SCV x2  
  44  3:37  Marine  
  44  3:38  Supply Depot  
  44  3:40  Marine  
  46  3:42  Refinery  
  46  3:43  Stimpack  
  46  3:44  Refinery  
  46  3:45  SCV  
  46  3:46  SCV  
  48  3:48  Marine  
  48  3:51  Marine  
  50  3:58  SCV x2  
  50  4:01  Supply Depot  
  52  4:04  Marine x2  
  54  4:13  SCV x2, Factory  
  55  4:19  Marine x2  
  57  4:25  SCV x2  
  57  4:30  Marine x2, Engineering Bay  
  59  4:38  SCV x2  
  58  4:39  Marine x2  
  56  4:48  Marine  
  56  4:49  Barracks Tech Lab  
  56  4:50  SCV x2  
  59  4:57  Starport, Factory Reactor  
  59  4:59  Bunker, Supply Depot  
  59  5:00  Terran Infantry Weapons Level 1  
  59  5:01  Marine  
  59  5:02  Marine  
  59  5:03  SCV x2  
  59  5:07  Combat Shields, Marine  
  63  5:09  Marine  
  65  5:15  SCV x2  
  65  5:19  Marine x2  
  65  5:20  Supply Depot  
  69  5:26  Supply Depot  
  69  5:27  SCV x2  
  71  5:29  Marine x2  
  73  5:37  Marine x2  
  73  5:41  Medivac  
  73  5:42  Medivac, Factory Reactor  
  79  5:46  Supply Depot  
  79  5:47  Marine  
  78  5:52  Command Center  
  78  5:53  Marine  
  78  5:54  SCV x2  
  78  5:59  Liberator  
  78  6:00  Liberator  
  78  6:03  Barracks  
  77  6:04  Barracks, Marine x2  
  77  6:09  Marauder  
  77  6:11  Marauder  
  83  6:12  SCV x2  
  83  6:14  Refinery  
  91  6:24  Widow Mine x2  
  91  6:25  Missile Turret  
  95  6:26  Marine x2  
  95  6:29  SCV  
  95  6:30  SCV  
  99  6:33  Marauder  
  99  6:38  Supply Depot  
  101  6:40  Supply Depot  
  101  6:42  Marauder  
  101  6:44  SCV  
  101  6:46  Supply Depot  
  104  6:48  Marine x2  
  104  6:53  Barracks Tech Lab  
  104  6:54  Barracks Reactor, Widow Mine  
  106  6:57  Widow Mine  
  110  7:02  Marauder  
  110  7:06  Orbital Command  
  112  7:08  Medivac  
  112  7:11  Medivac  
  112  7:14  Marauder  
  118  7:18  Terran Infantry Armor Level 1  
  118  7:19  Marine  
  118  7:20  Marine  
  120  7:26  Missile Turret  
  120  7:27  Marauder  
  120  7:28  Marine  
  123  7:31  Marine x2  
  123  7:35  Marine  
  126  7:41  Barracks  
  126  7:43  Barracks  
  126  7:46  Barracks, Marauder  
  128  7:55  Marine x2, Marauder x2  
  122  8:03  Medivac x2  
  123  8:11  Armory, Engineering Bay, Refinery x2  
  119  8:13  SCV x2  
  119  8:16  SCV  
  119  8:19  Marauder  
  114  8:25  SCV x2  
  110  8:28  Marine x2, Marauder  
  110  8:32  Marine x2  
  110  8:33  Barracks Tech Lab x2  
  111  8:35  SCV  
  110  8:41  Medivac  
  110  8:42  Medivac  
  110  8:43  Marauder x2  
  110  8:47  SCV  
  117  8:52  Marauder x2, Marine x3  
  109  8:59  Terran Infantry Weapons Level 2  
  108  9:03  Marauder, Marine x2  
  108  9:04  Marauder  
  108  9:06  Marine  
  108  9:07  Marine  
  108  9:08  Widow Mine  
  116  9:12  Marine x2  
  116  9:16  Terran Infantry Armor Level 2  
  116  9:26  Marauder  
  116  9:28  Marine x3  
  121  9:33  Marauder x3  
  121  9:34  Marine x2  
  121  9:38  Medivac  
  129  9:39  Medivac  
  129  9:40  Command Center  
  129  9:44  Marine, Marauder  
  134  9:46  Marine x2  
  134  9:47  Marine  
  134  9:51  Marauder  
  138  9:54  Marauder  
  139  10:01  Marauder  
  139  10:06  Marauder  
  132  10:07  Marine x2  
  125  10:19  Marauder x3  
  125  10:20  Medivac x2  
  135  10:24  Marauder, Marine x2  
  135  10:25  Marine x2  
  135  10:26  Starport, Fusion Core  
  135  10:27  Marauder  
  135  10:28  Widow Mine  
  143  10:40  Marauder x2  
  143  10:42  Marauder  
  144  10:43  Marine x2  
  144  10:47  Marauder  
  144  10:48  Marine  
  149  10:51  Supply Depot, Marine  
  149  10:53  Supply Depot  
  149  10:54  Supply Depot, Planetary Fortress  
  122  11:07  Marauder x3, Marine x2  
  122  11:09  Medivac  
  125  11:14  Marine x2  
  125  11:17  Marine x2  
  124  11:22  Marauder x2  
  120  11:28  Marauder x2  
  120  11:32  Starport Tech Lab  
  114  11:33  Marine  
  114  11:34  Marauder  
  115  11:43  Marauder  
  115  11:44  Terran Infantry Weapons Level 3  
  117  11:48  Terran Infantry Armor Level 3  
  117  11:51  Liberator  
  117  11:54  Marauder x3  
  117  12:01  Marauder  
  108  12:04  Medivac x2, Marauder  
  108  12:05  Advanced Ballistics  
  114  12:13  Marine  
  114  12:14  Marine  
  114  12:15  Widow Mine, Marauder x2  
  115  12:23  Marauder, Marine x2  
  115  12:27  Marauder x2, Marine x2  
  118  12:35  Marine x2  
  99  12:37  Marauder  
  99  12:39  Liberator  
  96  12:46  Marauder x2, Marine x2  
  96  12:47  Missile Turret  
  96  12:48  Marauder  
  102  13:03  Marauder, Marine x2  
  102  13:04  Marauder  
  102  13:05  Marine x2  
  108  13:07  Marauder  
  108  13:11  Medivac x2  
  116  13:16  Marauder  
  116  13:18  Missile Turret  
  116  13:19  Missile Turret  
  118  13:25  Marauder  
  120  13:29  Liberator  
  120  13:32  Marauder  
  120  13:33  Marine, Marauder x2  
  120  13:34  Liberator  
  119  13:36  Marine x2  
  119  13:39  Marine x2, Marauder  
  105  13:43  Marine  
  105  13:46  Marauder  
  111  13:50  Marine  
  115  13:59  Marauder x2  
  115  14:01  Marauder  
  121  14:03  Marine x2  
  121  14:05  Liberator  
  118  14:10  Marauder  
  118  14:12  Marine, Marauder  
  118  14:13  Liberator  
  118  14:16  Liberator  
  122  14:25  Marauder x2, Marine  
  112  14:44  Marauder x2, Marine x4  
  93  14:56  Marauder x2, Marine x2  
  93  14:57  Marine  
  88  15:02  Marine x2  
  88  15:05  Marine x2  
  90  15:08  Marauder  
  92  15:14  Medivac x2  
  92  15:16  Medivac  
  98  15:23  Marauder x3  
  98  15:24  Marine  
  105  15:28  Liberator  
  105  15:29  Liberator  
  105  15:31  Liberator  
  105  15:32  Marine x4  
  106  15:39  Marine, Marauder  
  106  15:40  Marauder  
  106  15:42  Marine  
  121  15:51  Marine x2  
  121  15:54  Marine, Marauder  
  125  16:01  Orbital Command  
  115  16:08  Marine x4, Marauder  
  115  16:10  Factory Reactor  
  121  16:19  Marauder  
  120  16:27  Marauder x2  
  120  16:28  Marauder  
  120  16:29  Marauder  
  120  16:30  Marine x2  
  130  16:33  Marine x2  
  132  16:40  Marauder  
  132  16:43  Medivac x2  
  135  16:51  Marauder x2  
  135  16:52  Marauder  
  129  17:04  Medivac  
  129  17:05  Medivac  
  129  17:07  Marauder x2  
  129  17:08  Marine x2  
  127  17:23  Marine x2, Marauder x2  
  127  17:24  Marine x2  
  129  17:33  Liberator  
  107  17:37  Marauder x2  
  107  17:39  Liberator  
  107  17:41  Marauder, Marine x2  
  107  17:43  Marine x2  
  109  17:44  Marauder  
  109  17:45  Marine x2  
  115  18:14  Marauder x2  
  115  18:16  Marine x2  
  115  18:19  Marine x2  
  106  18:21  Marine x2  
  90  18:28  Marauder  
  90  18:30  Marine x2  
  90  18:31  Refinery  
  90  18:33  Refinery  
  94  18:35  Marine x2  
  94  18:38  Marine  
  94  18:39  Marine  
  88  18:42  Marine x2  
  88  18:44  Marine x2  
  88  18:48  Marine  
  82  18:56  Marauder x2  
  82  18:58  Marine x3  
  89  19:10  Marine x6  
  93  19:21  Liberator  
  93  19:23  Refinery  
  97  19:24  Marine, Marauder x2  
  98  19:34  Medivac x2  
  105  19:42  Marine x2  
  105  19:43  Liberator  
  107  19:50  Marauder x2  
  111  20:05  Liberator  
  111  20:06  Sensor Tower  
  114  20:25  Marauder x3, Liberator x2  
  121  20:35  Liberator  
  107  20:53  Marauder  
  107  20:55  Marine x2  
  113  21:00  Marauder  
  113  21:02  Marine  
  109  21:05  Marine x2  
  109  21:09  Marine x2  
  112  21:20  Marauder  
  113  21:27  Medivac  
  113  21:28  Medivac  
  117  21:40  Marine  
  117  21:41  Marauder x2  
  118  21:49  Marine x2  
  118  21:53  Marauder  
  86  22:13  Marine  
Tags
 
Add a new tag
Caveats
  • Supply blocks, unpowered buildings, or Contaminate may cause inaccurate times.
  • Supply counts are checked every 10 seconds.